 Dungeon Crawl Stone Soup version 0.25-a0-545-ge4db218 (webtiles) character file.

Game seed: 5670963470730240101, levelgen mode: deterministic

18 Crocosaw the Chiller (level 2, 19/19 HPs)
             Began as a Merfolk Ice Elementalist on Feb 20, 2020.
             Quit the game on level 1 of the Dungeon.
             The game lasted 00:05:00 (1093 turns).

Crocosaw the Chiller (Merfolk Ice Elementalist)     Turns: 1093, Time: 00:05:01

Health: 19/19      AC:  2    Str:  8    XL:     2   Next: 66%
Magic:  4/5        EV: 13    Int: 14    God:
Gold:   21         SH:  0    Dex: 14    Spells: 4/5 levels left

rFire    . . .     SeeInvis .   e - +0 hand axe (flame)
rCold    . . .     Gourm    .   (no shield)
rNeg     . . .     Faith    .   a - +0 robe
rPois    .         Spirit   .   (no helmet)
rElec    .         Reflect  .   (no cloak)
rCorr    .         Harm     .   (no gloves)
MR       .....                  (no boots)
Stlth    ++........             (no amulet)
HPRegen  0.06/turn              (no ring)
MPRegen  0.09/turn              (no ring)

@: no status effects
A: change form in water, swift swim, stealthy swim
a: no special abilities


You were on level 1 of the Dungeon.
You were not hungry.

You visited 1 branch of the dungeon, and saw 1 of its levels.

You collected 21 gold pieces.

Inventory:

Hand Weapons
 e - a +0 hand axe of flaming (weapon)
Missiles
 d - 17 poisoned darts (quivered)
Armour
 a - a +0 robe (worn)
Scrolls
 f - a scroll of noise {unknown}
Potions
 b - a potion of invisibility {unknown}
 g - a potion of haste {unknown}
Comestibles
 c - 4 rations
 h - a chunk of flesh


   Skills:
 + Level 2.7 Dodging
 + Level 2.4 Stealth
 + Level 2.0 Spellcasting
 + Level 5.0 Ice Magic


You had 4 spell levels left.
You knew the following spells:

 Your Spells              Type           Power        Failure   Level  Hunger
a - Freeze                Ice            ###.         3%          1    ##.....

Your spell library contained the following spells:

 Spells                   Type           Power        Failure   Level  Hunger
 Frozen Ramparts          Ice            ###...       9%          3    ####...
 Ozocubu's Armour         Chrm/Ice       #.......     26%         3    ####...
 Hailstorm                Conj/Ice       #.......     63%         4    #####..
 Summon Ice Beast         Ice/Summ       #.......     63%         4    #####..


Dungeon Overview and Level Annotations

Branches:
Dungeon (1/15)

Altars:


Message History

Confirm with . or Enter, or press ? or * to list all spells.
You can't see any susceptible monsters within range! (Use Z to cast anyway.)
The kobold completely misses you.
Casting: Freeze (safe; 3% risk of failure)
Confirm with . or Enter, or press ? or * to list all spells.
Aiming: Freeze (safe; 3% risk of failure)
Press: ? - help, Shift-Dir - straight line, f - kobold
Aim: a kobold, wielding a +0 dagger and quivering a stone You freeze the kobold!
You kill the kobold!
Okay, then.
Found a ration.
Things that are here:
a +0 dagger; a stone
c - 4 rations (gained 1)
Found a robe.
You see here a robe.
You start resting.
HP restored.
Are you sure you want to abandon this character and quit the game? (Confirm with "yes".)

#.)..## ######
###.##..###.....###
....................
..##........##...#
#.#..#......#..#..#
# #............#..#
..############...# .
..............#
#.....@.[....#
##############


There were no monsters in sight!

Vanquished Creatures
  An ooze (D:1)
  A giant cockroach (D:1)
  A goblin (D:1)
  4 kobolds (D:1)
  2 ball pythons (D:1)
  2 frilled lizards (D:1)
  4 rats (D:1)
15 creatures vanquished.

Notes
Turn   | Place    | Note
-------+----------+-------------------------------------------
     0 | D:1      | Crocosaw the Merfolk Ice Elementalist began the quest for
                  | the Orb.
     0 | D:1      | Reached XP level 1. HP: 13/13 MP: 3/3
   402 | D:1      | Reached XP level 2. HP: 11/19 MP: 0/5
   794 | D:1      | Reached skill level 5 in Ice Magic
  1093 | D:1      | Quit the game

Levels and vault maps discovered:
D:1:      dpeg_arrival_more_subterranean_lakeside_camping, layout_basic,
          minmay_curled_crystal

Skill      XL: |  1  2 |
---------------+-------+-----
Ice Magic      | 5 |  5.0
Dodging        | |  2.7
Stealth        | |  2.4
Spellcasting   | |  2.0

Action                   || total
-------------------------++-------
Melee: Unarmed           ||     4
       Hand axe          ||     3
 Cast: Freeze            ||    20
  Eat: Chunk             ||     1
Armor: Robe              ||     4
Dodge: Dodged            ||    13

Table legend:
 A = Non-vault XP
 B = Vault XP
 C = Vault XP percentage of total XP
 D = Non-vault monster count
 E = Vault monster count
 F = Vault count percentage of total count
                 A         B        C        D         E       F
            +---------+---------+-------+---------+---------+-------
      Total |      26 |       0 |   0.0 |      15 |       0 |   0.0
            +---------+---------+-------+---------+---------+-------
        D:1 |      26 |       0 |   0.0 |      15 |       0 |   0.0
            +---------+---------+-------+---------+---------+-------
